 Dungeon Crawl Stone Soup version 0.23.2-30-g0e89c35649 (webtiles) character file.

Game seed: 4004214889939611144

1808 nxcturne the Covert (level 8, -1/60 HPs)
             Began as a Vampire Assassin on June 16, 2019.
             Was a Follower of Dithmenos.
             Slain by a yak (7 damage)
             ... on level 7 of the Dungeon on June 17, 2019.
             The game lasted 00:48:17 (4309 turns).

nxcturne the Covert (Vampire Assassin)              Turns: 4309, Time: 00:48:19

Health: -1/60      AC:  8    Str: 10    XL:     8   Next: 84%
Magic:  8/8        EV: 14    Int: 14    God:    Dithmenos [*.....]
Gold:   320        SH:  0    Dex: 17    Spells: 7/7 levels left

rFire    + + .     SeeInvis +   a - +2 dagger
rCold    x . .     Gourm    .   (no shield)
rNeg     + . .     Faith    .   k - +2 leather armour {rF+}
rPois    .         Spirit   .   (no helmet)
rElec    .         Reflect  .   d - +0 cloak
rCorr    .         Harm     .   r - +1 pair of gloves
MR       .....                  (no boots)
Stlth    +++++.....             (no amulet)
HPRegen  0.20/turn              t - ring of fire
MPRegen  0.11/turn              x - +5 ring of slaying

@: wreathed by umbra
A: fangs 3, see invisible, unbreathing
a: Bat Form, Renounce Religion


You were on level 7 of the Dungeon.
You worshipped Dithmenos.
Dithmenos was aware of your devotion.
You were not thirsty.

You visited 2 branches of the dungeon, and saw 8 of its levels.

You collected 320 gold pieces.

Inventory:

Hand Weapons
 a - a +2 dagger (weapon)
 b - a +0 blowgun
 j - a -1 shortbow
Missiles
 e - 23 poisoned needles
 f - 9 curare-tipped needles
 h - 6 poisoned javelins (quivered)
Armour
 c - a +2 robe
 d - a +0 cloak (worn)
 k - a +2 leather armour of fire resistance (worn)
 r - a +1 pair of gloves (worn)
Jewellery
 t - a ring of fire (left hand)
 x - a +5 ring of slaying (right hand)
 D - a cursed ring of flight {unknown}
Wands
 B - a wand of disintegration (14)
 H - a wand of iceblast (8)
Scrolls
 n - 3 scrolls of blinking
 o - a scroll of random uselessness
 p - 3 scrolls of teleportation
 q - 6 scrolls of identify
 s - 2 scrolls of amnesia
 y - a scroll of magic mapping
 z - a scroll of noise {unknown}
 A - 4 scrolls of remove curse
 C - 2 scrolls of enchant weapon {unknown}
 E - a scroll of fog {unknown}
 G - a scroll of silence {unknown}
 I - a scroll of fear {unknown}
Potions
 g - 19 potions of blood
 i - a potion of resistance {unknown}
 l - a potion of degeneration
 m - 2 potions of cancellation
 u - a potion of magic {unknown}
 v - 2 potions of brilliance {unknown}
 w - 3 potions of lignification {unknown}
 F - 2 potions of agility {unknown}


   Skills:
 + Level 4.0 Fighting
 + Level 7.5 Short Blades
 + Level 2.0 Throwing
 + Level 2.7 Armour
 + Level 4.6 Dodging
 + Level 11.0 Stealth


You had 7 spell levels left.
You didn't know any spells.
Your spell library contained the following spells:

 Spells                   Type           Power        Failure   Level  Hunger
 Animate Skeleton         Necr           N/A          36%         1    ##.....
 Corona                   Hex            #......      36%         1    ##.....
 Magic Dart               Conj           #...         36%         1    ##.....
 Pain                     Necr           #...         36%         1    ##.....
 Ensorcelled Hibernation  Hex/Ice        #.....       50%         2    ###....
 Searing Ray              Conj           #.....       50%         2    ###....
 Confuse                  Hex            #.......     75%         3    ####...
 Dazzling Spray           Conj/Hex       #.....       75%         3    ####...
 Regeneration             Chrm/Necr      #.........   75%         3    ####...
 Tukima's Dance           Hex            #.......     75%         3    ####...
 Vampiric Draining        Necr           #.........   75%         3    ####...
 Animate Dead             Necr           N/A          98%         4    #####..
 Force Lance              Conj/Tloc      #.......     98%         4    #####..
 Fulminant Prism          Conj/Hex       #.........   98%         4    #####..
 Iskenderun's Mystic Bla  Conj           #.......     98%         4    #####..


Dungeon Overview and Level Annotations

Branches:
Dungeon (7/15)             Temple (1/1) D:6

Altars:
Ashenzari
Cheibriados
Dithmenos
Gozag
Kikubaaqudgha
Nemelex Xobeh
Okawaru
Ru
Sif Muna
Trog
Vehumet
Wu Jian
Yredelemnul
Zin

Shops:
D:7 (


Innate Abilities, Weirdness & Mutations

You have razor-sharp teeth.
You have supernaturally acute eyesight. (SInv)
You can survive without breathing.


Message History

Your Stealth skill increases to level 11!
You puncture the yak! You bite the yak.
The yak is moderately wounded.
You hit the yak. You bite the yak.
The yak is heavily wounded.
The yak gores you!
You hit the yak.
The yak is heavily wounded.
The yak gores you!
* * * LOW HITPOINT WARNING * * *
An orc and an orc wizard come into view.
You hit the yak.
The yak is heavily wounded.
You barely miss the yak.
The yak is heavily wounded.
The orc shouts!
The orc wizard shouts!
You hear a shout!
The yak gores you.
* * * LOW HITPOINT WARNING * * *
The yak gores you!
You die...

##...# ........ #.#..#.
....%... #.##.#o .
........ #.# .#.# .
#..####. #.# #.. .# ..[
... #########.# ..#o .#
.# ### #.......#.# #.#.
#.# ##.
#.......#.###.#.##..#....
#.>.....#..##.#.@Y.##....
?
#.......#..##.###Y##.....
.
#.......#..##.###Y.......
#####......##.##.........
###.#...#......#.....
##.##....>......##..
#.......#..#...## #
#.............##
#.............#


You could see 3 yaks, an orc wizard and an orc.

Vanquished Creatures
  A hippogriff (D:7)
  A yak (D:7)
  An ice beast (D:7)
  6 ogres
  A phantom (D:5)
  A water moccasin zombie (D:5)
  A scorpion (D:5)
  2 crimson imps
  A centaur zombie (D:6)
  2 hounds
  2 jellies
  A centaur skeleton (D:6)
  An iguana (D:6)
  8 worker ants
  A worker ant zombie (D:5)
  3 gnolls (D:4)
  9 adders
  A shadow imp (D:5)
  3 oozes
  An adder skeleton (D:5)
  2 dart slugs
  A worm (D:2)
  15 orcs
  8 giant cockroaches
  10 goblins
  13 hobgoblins
  10 kobolds
  2 quokkas
  3 ball pythons
  8 bats
  7 frilled lizards
  5 rats
131 creatures vanquished.

Notes
Turn   | Place    | Note
-------+----------+-------------------------------------------
     0 | D:1      | nxcturne the Vampire Assassin began the quest for the Orb.
     0 | D:1      | Reached XP level 1. HP: 16/16 MP: 1/1
    35 | D:1      | Reached skill level 6 in Stealth
   131 | D:1      | Reached XP level 2. HP: 19/22 MP: 2/2
   517 | D:1      | Reached skill level 7 in Stealth
   551 | D:1      | Reached XP level 3. HP: 20/27 MP: 3/3
  1110 | D:2      | Reached XP level 4. HP: 33/33 MP: 4/4
  1344 | D:2      | Found a basalt altar of Yredelemnul.
  1662 | D:3      | Found a radiant altar of Vehumet.
  1767 | D:3      | Noticed an ogre
  1796 | D:3      | Killed an ogre
  1796 | D:3      | Reached XP level 5. HP: 16/38 MP: 5/5
  1893 | D:3      | Reached skill level 8 in Stealth
  2591 | D:4      | Reached XP level 6. HP: 46/46 MP: 6/6
  3077 | D:4      | You fall through a shaft for 2 floors!
  3090 | D:6      | Reached skill level 1 in Armour
  3090 | D:6      | Reached skill level 9 in Stealth
  3090 | D:6      | Reached XP level 7. HP: 41/51 MP: 7/7
  3115 | D:6      | Found a staircase to the Ecumenical Temple.
  3122 | Temple   | Entered the Ecumenical Temple
  3130 | Temple   | Became a worshipper of Dithmenos the Shadowed
  3166 | D:5      | Entered Level 5 of the Dungeon
  3234 | D:5      | Reached skill level 5 in Short Blades
  3459 | D:5      | Found a glowing silver altar of Zin.
  3459 | D:5      | Found a bloodstained altar of Trog.
  3460 | D:5      | Found an ancient bone altar of Kikubaaqudgha.
  3540 | D:5      | Reached skill level 10 in Stealth
  3650 | D:5      | Reached XP level 8. HP: 46/58 MP: 8/8
  3680 | D:5      | Found an ornate altar of the Wu Jian Council.
  3851 | D:6      | Found an opulent altar of Gozag.
  3881 | D:6      | Reached * piety under Dithmenos
  4128 | D:7      | Found Beahuowk's Weapon Boutique.
  4195 | D:7      | Noticed a hippogriff
  4208 | D:7      | Killed a hippogriff
  4303 | D:7      | Reached skill level 11 in Stealth
  4309 | D:7      | Slain by a yak

Skill      XL: |  1  2  3  4  5  6  7  8 |
---------------+-------------------------+-----
Stealth        | 6 7 8 9 10 11 | 11.0
Short Blades   | 3 4 6 7 |  7.5
Fighting       | 2 3 4 |  4.0
Dodging        | 2 3 4 |  4.6
Armour         | 1 2 |  2.7
Throwing       | 2 |  2.0

Action                   |  1- 3 |  4- 6 |  7- 9 || total
-------------------------+-------+-------+-------++-------
Melee: Dagger            |   123 |   223 |   192 ||   538
       Bite              |    14 |    21 |    16 ||    51
 Fire: Blowgun           |     2 |       |     3 ||     5
  Use: Scroll            |     5 |     6 |     1 ||    12
       Potion            |     1 |    13 |       ||    14
 Stab: Sleeping          |     5 |    14 |    12 ||    31
  Eat: Corpse            |       |     3 |     2 ||     5
Armor: Robe              |    45 |    19 |       ||    64
       Leather armour    |       |    25 |    35 ||    60
Dodge: Dodged            |    85 |   114 |    88 ||   287
